 Dungeon Crawl Stone Soup version 0.24.1-8-ga250c9d538 (webtiles) character file.

Game seed: 16241380224168770140, levelgen mode: deterministic

33 Peloso the Skirmisher (level 3, 29/29 HPs)
             Began as a Demonspawn Fighter on Apr 28, 2020.
             Got out of the dungeon alive.
             The game lasted 00:03:16 (826 turns).

Peloso the Skirmisher (Demonspawn Fighter)           Turns: 826, Time: 00:03:16

Health: 29/29      AC:  6    Str: 17    XL:     3   Next: 12%
Magic:  3/3        EV:  7    Int: 16    God:
Gold:   21         SH:  9    Dex: 12    Spells: 2/2 levels left

rFire    . . .     SeeInvis .   a - +0 long sword
rCold    + . .     Gourm    .   c - +0 shield
rNeg     . . .     Faith    .   b - +0 scale mail
rPois    .         Spirit   .   (no helmet)
rElec    .         Reflect  .   (no cloak)
rCorr    .         Harm     .   (no gloves)
MR       .....                  (no boots)
Stlth    ..........             (no amulet)
HPRegen  0.09/turn              (no ring)
MPRegen  0.08/turn              (no ring)

@: brilliant
A: talons 1, clever 1, cold resistance 1, no potion heal 1
a: no special abilities


You escaped.
You were not hungry.

You visited 1 branch of the dungeon, and saw 1 of its levels.

You collected 21 gold pieces.

Inventory:

Hand Weapons
 a - a +0 long sword (weapon)
Armour
 b - a +0 scale mail (worn)
 c - a +0 shield (worn)
Scrolls
 e - a scroll of identify {unknown}
 h - a scroll of remove curse {unknown}
 i - a scroll of fog {unknown}
 j - a scroll of teleportation {unknown}
Potions
 d - a potion of might
 g - a potion of brilliance
Comestibles
 f - 2 rations


   Skills:
 + Level 3.2 Fighting
 + Level 2.1 Long Blades
 + Level 3.1 Armour
 + Level 0.4 Dodging
 + Level 2.9 Shields


You had 2 spell levels left.
You didn't know any spells.
Your spell library was empty.

Dungeon Overview and Level Annotations

Branches:
Dungeon (1/15)

Altars:


Innate Abilities, Weirdness & Mutations

You have sharp toenails.
Your mind is acute. (Int +2)
Your flesh is cold resistant. (rC+)
Potions are less effective at restoring your health.


Message History

You kill the ball python!
It was a potion of brilliance.
You feel clever all of a sudden.
It was a potion of mutation.
You feel extremely strange.
Your system partially rejects the healing effects of potions.
You feel resistant to cold.
You feel clever.
Welcome back, Peloso the Demonspawn Fighter.
Press ? for a list of commands and other information.
You open the door.
There is an open door here.
Found a stone staircase leading down.
(D) Dungeon
Where to? (? - help)
What level of the Dungeon? (default 1, ? - help)
You see here 4 atropa-tipped darts.
You see here a +0 spear.
HP restored.
There is a staircase leading out of the dungeon here.
Are you sure you want to leave the Dungeon?
This will make you lose the game!
You have escaped!

#.#.#.############.##.##.### #
#.#.#.P≈≈≈≈≈≈≈≈≈P#.##.##.... #
#.#.#..P≈≈≈≈≈≈≈P.#.##.###..# #
#.#l#...P≈≈≈≈≈P..#.##.###...
######.#g#....P≈≈≈P...#.##.#.....
.......#.#.....P≈P....#....#.....
.........#......P.....#.####.....
###.....................# #.....
....######......@......## #.....
....# #..............## ####..
###.####.#......P.....# #..
###............P≈P....# #.#
##.....#.##...P≈≈≈P...# #[#
##.....#.##..P≈≈≈≈≈P..# #.#
##.....#.##.P≈≈≈≈≈≈≈P.# #.#
.......#.##P≈≈≈≈≈≈≈≈≈P# ###'#
##.....#.############## #....


There were no monsters in sight!

Vanquished Creatures
  A gnoll (D:1)
  A ball python (D:1)
  A bat (D:1)
  A giant cockroach (D:1)
  2 goblins (D:1)
  6 hobgoblins (D:1)
  3 jackals (D:1)
  3 frilled lizards (D:1)
  2 kobolds (D:1)
20 creatures vanquished.

Notes
Turn   | Place    | Note
-------+----------+-------------------------------------------
     0 | D:1      | Peloso the Demonspawn Fighter began the quest for the Orb.
     0 | D:1      | Reached XP level 1. HP: 18/18 MP: 1/1
   375 | D:1      | Gained mutation: You have sharp toenails. [demonic
                  | ancestry]
   375 | D:1      | Reached XP level 2. HP: 21/24 MP: 2/2
   720 | D:1      | Reached XP level 3. HP: 22/29 MP: 3/3
   791 | D:1      | Gained mutation: Potions are less effective at restoring
                  | your health. [potion of mutation]
   791 | D:1      | Gained mutation: Your flesh is cold resistant. (rC+)
                  | [potion of mutation]
   791 | D:1      | Gained mutation: Your mind is acute. (Int +2) [potion of
                  | mutation]
   826 | D:$      | Got out of the dungeon alive.

Levels and vault maps discovered:
D:1:      eino_arrival_druids_welcome, layout_basic, corexii_leaking_fountain

Skill      XL: |  1 |
---------------+----+-----
Armour         | 3 |  3.1
Long Blades    | 2 |  2.1
Fighting       | |  3.2
Dodging        | |  0.4
Shields        | |  2.9

Action                   || total
-------------------------++-------
Melee: Long sword        ||    54
       Kick              ||     4
  Use: Potion            ||     2
Armor: Scale mail        ||    47
Dodge: Dodged            ||    24
Block: Shield            ||    39
       Rpst.: Long sword ||     4
